Map: 과거의 사원

Players

짐발모

  • Race: Zerg Zerg
  • Spawn Location: 0:00

엔돌핀

  • Race: Terran Terran
  • Spawn Location: 0:00

VOD

Have the link to the VOD?

Description

Time

  • Played on: Aug. 24, 2017, 3:02 p.m.
  • Length: 27:09
Show
View Real Time Build Order
Export as new Build Order

짐발모 Zerg 

Build Orders:  

Get SALT Encoding   

  6  0:08  Drone x2  
  7  0:17  Drone x2  
  8  0:27  Drone x2  
  9  0:37  Drone x2  
  10  0:45  Drone x2  
  11  0:54  Drone x2  
  12  1:02  Drone x2  
  13  1:10  Extractor  
  13  1:13  Extractor  
  12  1:27  Spawning Pool  
  11  1:45  Centrifical Hooks  
  11  1:48  Overlord  
  11  1:57  Swarmling x3  
  13  2:05  Baneling Nest  
  13  2:06  Swarmling x3  
  14  2:19  Drone x2  
  15  2:20  Drone x2  
  15  2:21  Drone x2  
  15  2:26  Evolution Chamber  
  16  2:55  Drone x2  
  17  3:08  Hatchery  
  19  3:12  Drone x2  
  20  3:21  Heroic Fortitude  
  20  3:29  Overlord  
  22  3:46  Overlord  
  20  4:09  Drone x2  
  23  4:10  Drone x4  
  23  4:19  Lair  
  25  4:25  Drone x4  
  25  4:27  Extractor  
  26  4:31  Extractor  
  28  4:57  Drone x4  
  28  4:58  Drone x2  
  31  5:00  Drone x2  
  34  5:27  Drone x4  
  36  5:31  Corrosive Acid  
  36  5:32  Hive  
  36  5:33  Overlord  
  38  5:57  Overlord  
  38  5:58  Overlord  
  38  5:59  Medusa Blades  
  38  6:04  Metabolic Boost  
  40  6:35  Drone x4  
  40  6:37  Overlord  
  44  7:01  Rupture  
  46  7:29  Zerg Melee Weapons Level 1  
  46  7:32  Hatchery  
  46  7:35  Hatchery  
  47  7:40  Hatchery  
  47  7:41  Adrenal Overload  
  47  7:47  Overlord x3  
  46  7:59  Pneumatized Carapace  
  40  8:33  Overseer  
  42  8:41  Shredding Claws  
  42  9:01  Spore Crawler  
  42  9:06  Spore Crawler  
  43  9:12  Spore Crawler  
  43  9:14  Drone x2  
  43  9:15  Scourge Nest  
  43  9:30  Swarmling x3  
  43  9:31  Swarmling x57  
  43  9:32  Swarmling x27  
  43  9:39  Roach x10  
  89  9:40  Roach x10  
  81  9:51  Swarmling x9  
  81  9:52  Swarmling x9  
  87  10:11  Hardened Carapace  
  87  10:34  Swarmling x3  
  87  10:35  Swarmling x21  
  98  10:45  Overseer x2  
  98  10:47  Swarmling x3  
  98  10:48  Swarmling x21  
  94  11:00  Swarmling x3  
  94  11:01  Swarmling x6  
  90  11:25  Swarmling x15  
  97  11:32  Swarmling x3  
  97  12:10  Simplified Genome  
  97  12:14  Zerg Melee Weapons Level 2  
  87  12:20  Swarmling x27  
  99  12:44  Roach x4  
  99  12:45  Roach x12  
  99  12:46  Roach x4  
  93  13:10  Virulent Spores  
  75  13:32  Drone x6  
  80  14:00  Hatchery  
  80  14:03  Hatchery  
  81  14:10  Zerg Flyer Weapons Level 1  
  81  14:21  Artillery Ducts  
  81  14:22  Hatchery  
  79  14:32  Drone x8  
  79  14:33  Drone x6  
  79  14:34  Drone x2  
  79  14:35  Swarmling x3  
  79  14:36  Swarmling x18  
  99  15:04  Spine Crawler  
  99  15:07  Spore Crawler  
  99  15:16  Bile Launcher  
  99  15:21  Rapid Bombardment  
  98  15:50  Scourge x2  
  98  15:51  Scourge x4  
  98  15:59  Bile Launcher, Spine Crawler, Scourge x2  
  96  16:00  Spore Crawler, Scourge x8  
  96  16:03  Bile Launcher  
  96  16:04  Bile Launcher  
  99  16:15  Scourge x2  
  99  16:17  Swarmling x3  
  96  16:21  Swarmling x3  
  96  16:22  Swarmling x6  
  96  16:29  Scourge x2  
  96  16:30  Scourge x6  
  96  16:36  Scourge x4  
  96  16:37  Scourge x2  
  99  16:47  Bile Launcher  
  95  16:52  Bile Launcher  
  95  16:53  Bile Launcher  
  95  16:55  Spine Crawler, Bile Launcher  
  95  16:56  Spore Crawler  
  95  16:57  Spore Crawler  
  95  16:59  Bile Launcher, Scourge x2  
  85  17:00  Scourge x20  
  85  17:01  Bile Launcher  
  93  17:13  Swarmling x3  
  93  17:14  Swarmling x3  
  93  17:16  Spine Crawler  
  93  17:18  Swarmling x3  
  93  17:19  Swarmling x12  
  88  17:40  Roach x12  
  88  17:41  Roach x8  
  90  17:50  Drone x2  
  90  17:51  Drone x10  
  90  17:52  Drone x2  
  90  17:55  Swarmling x6  
  66  18:36  Spine Crawler  
  65  18:48  Spine Crawler  
  67  18:51  Spine Crawler  
  67  18:57  Spine Crawler  
  66  19:00  Spore Crawler  
  66  19:06  Spore Crawler  
  66  19:09  Spine Crawler  
  64  19:10  Spore Crawler  
  64  19:11  Scourge x2  
  64  19:12  Spore Crawler, Scourge x18  
  64  19:13  Swarmling x27  
  64  19:14  Swarmling x24  
  64  19:17  Zerg Melee Weapons Level 3  
  100  19:20  Zerg Flyer Weapons Level 2  
  100  19:31  Spine Crawler  
  100  19:37  Spine Crawler  
  100  19:39  Spine Crawler  
  95  20:04  Spine Crawler  
  94  20:13  Drone x2  
  97  20:24  Spine Crawler  
  97  20:26  Spore Crawler  
  92  20:41  Drone x2  
  92  20:46  Spine Crawler  
  80  20:52  Swarmling x18  
  80  20:53  Swarmling x9  
  80  20:59  Swarmling x9  
  94  21:01  Swarmling x3  
  94  21:09  Spine Crawler  
  93  21:18  Spine Crawler  
  90  22:05  Swarmling x3  
  90  22:06  Swarmling x15  
  90  22:08  Roach x8  
  90  22:09  Roach x12  
  75  22:53  Swarmling x3  
  75  22:54  Swarmling x45  
  92  23:51  Swarmling x24  
  92  23:52  Swarmling x3, Scourge x16  
  92  23:53  Scourge x6  
  83  24:11  Swarmling x6  
  83  24:12  Swarmling x18  
  96  24:22  Swarmling x3  
  96  24:23  Swarmling x3  
  97  24:37  Scourge x2  
  97  24:38  Scourge x2  
  100  24:59  Swarmling x21  
  98  25:13  Roach x4  
  98  25:14  Roach x14  
  98  25:15  Roach x2, Scourge x2  
  99  25:28  Scourge x24  
  99  25:29  Scourge x8  
  99  25:34  Scourge x2  
  99  25:35  Scourge x10  
  99  25:38  Scourge x2  
Show
View Real Time Build Order
Export as new Build Order

엔돌핀 Terran 

Build Orders:  

Get SALT Encoding   

  5  10:12  Barracks  
  5  26:06  Supply Depot  
  5  26:09  Supply Depot  
Tags
 
Add a new tag
Caveats
  • Supply blocks, unpowered buildings, or Contaminate may cause inaccurate times.
  • Supply counts are checked every 10 seconds.